 Dungeon Crawl Stone Soup version 0.31.0-11-ge490571c62 (webtiles) character file.

Game seed: 16004774737404843204

294 solopath the Ruffian (level 6, -2/48 HPs)
             Began as a Demonspawn Shapeshifter on Feb 2, 2024.
             Slain by Crazy Yiuf
             ... wielding a +4 quarterstaff of chaos
              (9 damage)
             ... on level 3 of the Dungeon.
             The game lasted 00:03:05 (2215 turns).

solopath the Ruffian (Demonspawn Shapeshifter)      Turns: 2215, Time: 00:03:06

Health: -2/48      AC:  3    Str: 16    XL:     6   Next: 11%
Magic:  6/6        EV: 12    Int: 10    God:
Gold:   135        SH:  0    Dex: 13    Spells: 5/5 levels left

rFire   . .          .
                       - Unarmed
rCold   + . .        (no shield)
rNeg    . . .        a - +0 animal skin
rPois   .            (helmet currently unavailable)
rElec   .            (cloak currently unavailable)
rCorr   .            (gloves currently unavailable)
SInv    .            (boots currently unavailable)
Will    .....        (no amulet)
Stlth   +            j - ring of protection from cold
HPRegen 0.28/turn    (no ring)
MPRegen 0.10/turn

%: no passive effects
@: beast-form, weak-willed, hasted, very quick
A: beast (slay +2), rugged brown scales 1, foul stench 1
a: Begin Untransformation


You were on level 3 of the Dungeon.
You were a hulking beast.
You visited 1 branch of the dungeon, and saw 3 of its levels.

You collected 213 gold pieces.
You spent 78 gold pieces at shops.

Inventory:

Missiles
 i - 3 poisoned darts (quivered)
Armour
 a - a +0 animal skin (worn)
 o - the +1 robe of the Barnacle {Archmagi}
   (You found it on level 3 of the Dungeon)

   Archmagi:  It increases the power of your magical spells.
Jewellery
 j - a ring of protection from cold (left hand)
Talismans
 c - a beast talisman
 d - a flux talisman
Scrolls
 e - 4 scrolls of identify {unknown}
 f - 2 scrolls of immolation {unknown}
 h - a scroll of torment {unknown}
 k - a scroll of poison {unknown}
 l - 2 scrolls of teleportation {unknown}
Potions
 b - a potion of lignification
 g - a potion of heal wounds {unknown}
 m - a potion of brilliance {unknown}
 n - 2 potions of curing {unknown}
 p - a potion of ambrosia {unknown}


   Skills:
 + Level 3.1 Fighting
 - Level 1.7 Dodging
 * Level 4.8 Unarmed Combat
 + Level 3.6 Shapeshifting


You had 5 spell levels left.
You didn't know any spells.
Your spell library contained the following spells:

 Spells                   Type           Power      Damage    Failure   Level
 Frozen Ramparts          Ice            0%         1d1       75%         3
 Leda's Liquefaction      Alch/Erth      0%         N/A       98%         4
 Petrify                  Alch/Erth      0%         N/A       98%         4
 Metabolic Englaciation   Hex/Ice        0%         N/A       100%        5


Dungeon Overview and Level Annotations

Branches:
Dungeon (3/15)

Altars:

Shops:
D:3 *

Annotations:
D:3 Crazy Yiuf


Innate Abilities, Weirdness & Mutations

You are a hulking beast.
Your limbs bulge with bestial killing power. (Slay +2)
You are partially covered in rugged brown scales. (AC +1, +3% HP)
You may rarely emit foul miasma when damaged in melee.


Message History

The hobgoblin hits you.
You closely miss the hobgoblin. The hobgoblin hits you.
You hit the hobgoblin.
The hobgoblin is moderately wounded.
The hobgoblin hits you but does no damage.
You punch the hobgoblin!
You kill the hobgoblin!
Things that are here:
a +0 club; a +0 club; a goblin corpse
Items here: )))) †††.
Found a stone staircase leading down.
f - 2 scrolls labelled DUR UDADOIB (gained 1)
There is a stone staircase leading down here.
There is a stone staircase leading up here.
Could not explore, unopened runed door.
Could not explore, unopened runed door.
You open the door. You hit Crazy Yiuf.
Crazy Yiuf is lightly wounded.
Crazy Yiuf hits you with a +4 quarterstaff of chaos!
Your willpower is stripped away!
You hit Crazy Yiuf but do no damage.
Crazy Yiuf is lightly wounded.
You hit Crazy Yiuf.
Crazy Yiuf is moderately wounded.
Crazy Yiuf yells, "Shadow mobile sing-song!"
Crazy Yiuf hits you with a +4 quarterstaff of chaos!
You barely miss Crazy Yiuf.
Crazy Yiuf is moderately wounded.
Crazy Yiuf hits you with a +4 quarterstaff of chaos!
Crazy Yiuf freezes you.
You hit Crazy Yiuf but do no damage.
Crazy Yiuf is moderately wounded.
Crazy Yiuf hits you with a +4 quarterstaff of chaos!
* * * LOW HITPOINT WARNING * * *
You feel yourself speed up.
You barely miss Crazy Yiuf.
Crazy Yiuf is moderately wounded.
Crazy Yiuf hits you with a +4 quarterstaff of chaos!
You die...

#.......#
#....####....#
##.######
##..## #....#
###.########
#....# #....#
....<......#
#...## #...(#
...#########
##.## #....#
.### #.##
#....# ## ##.#
#.#### #.##
#.# ##h# ###
#g# ... #...#
#..)# #####


You could see Crazy Yiuf.

Vanquished Creatures
  Sigmund (D:2)
  Jessica (D:2)
  Robin (D:3)
  4 adders
  A ribbon worm (D:3)
  A dart slug (D:3)
  7 bats
  5 endoplasms
  A giant cockroach (D:3)
  6 hobgoblins
  6 jackals (D:3)
  2 quokkas (D:2)
  3 ball pythons
  3 frilled lizards
  10 goblins (D:3)
  3 kobolds (D:2)
  3 rats
58 creatures vanquished.

Notes
Turn   | Place    | Note
-------+----------+-------------------------------------------
     0 | D:1      | solopath the Demonspawn Shapeshifter began the quest for
                  | the Orb.
     0 | D:1      | Reached XP level 1. HP: 15/15 MP: 1/1
    26 | D:1      | Found a faded altar of an unknown god.
   683 | D:2      | Noticed Jessica
   705 | D:2      | Killed Jessica
   706 | D:2      | Reached skill level 3 in Unarmed Combat
   706 | D:2      | Gained mutation: You are partially covered in rugged brown
                  | scales. (AC +1, +3% HP) [demonic ancestry]
   706 | D:2      | Reached XP level 2. HP: 1/22 MP: 2/2
   706 | D:2      | Reached XP level 3. HP: 2/27 MP: 3/3
  1207 | D:2      | Noticed Sigmund
  1221 | D:2      | Killed Sigmund
  1222 | D:2      | Reached skill level 4 in Unarmed Combat
  1222 | D:2      | Reached XP level 4. HP: 32/35 MP: 4/4
  1222 | D:2      | Reached XP level 5. HP: 37/41 MP: 5/5
  1538 | D:3      | Found Loxte Batt's Assorted Antiques.
  1549 | D:3      | Bought a scroll labelled XADAOG MOAS for 27 gold pieces
  1549 | D:3      | Bought a scroll labelled WOPNUA WEUQE for 27 gold pieces
  1549 | D:3      | Bought a brown potion for 24 gold pieces
  1675 | D:3      | Found a runed translucent door.
  1676 | D:3      | Noticed Crazy Yiuf
  1823 | D:3      | Identified the +1 robe of the Barnacle {Archmagi}
  1830 | D:3      | Gained mutation: You may rarely emit foul miasma when
                  | damaged in melee. [demonic ancestry]
  1830 | D:3      | Reached XP level 6. HP: 44/48 MP: 6/6
  1984 | D:3      | Noticed Robin
  2030 | D:3      | Killed Robin
  2215 | D:3      | Slain by Crazy Yiuf

Illustrated notes

Levels and vault maps discovered:
D:1:      sevenhm_arrival_forest_fort_small_6, layout_basic,
          hellmonk_ecumenical_altar_leap_of_faith
D:2:      layout_rooms, uniq_jessica, uniq_sigmund
D:3:      layout_rooms, serial_shops, shop, uniq_robin, uniq_crazy_yiuf_cottage

Skill      XL: |  1  2  3  4  5 |
---------------+----------------+-----
Unarmed Combat | 3 4 |  4.8
Shapeshifting  | 3 |  3.6
Fighting       | 2 3 |  3.1
Dodging        | |  1.7

Action                     |  1- 3 |  4- 6 || total
---------------------------+-------+-------++-------
  Melee: Unarmed           |    89 |    96 ||   185
         Punch             |     1 |     5 ||     6
  Throw: Dart              |     3 |       ||     3
   Stab: Sleeping          |     3 |       ||     3
 Armour: Animal skin       |    36 |    54 ||    90
  Dodge: Dodged            |    42 |    54 ||    96
